 Dungeon Crawl Stone Soup version 0.18.1-5-g4a78601 (webtiles) character file.

205 RepoMan the Slasher (level 5, -4/42 HPs)
             Began as a Ghoul Warper on May 11, 2016.
             Was a Follower of Kikubaaqudgha.
             Shot with an arrow by a centaur (12 damage)
             ... on level 5 of the Dungeon.
             The game lasted 00:26:44 (2868 turns).

RepoMan the Slasher (Ghoul Warper)                  Turns: 2868, Time: 00:26:44

Health: -4/42      AC:  3    Str: 13 (15) XL:     5   Next: 83%
Magic:  8/8        EV: 11    Int:  6 (9)  God:    Kikubaaqudgha [*.....]
Gold:   120        SH:  0    Dex:  6 (8)  Spells: 2 memorised, 6 levels left

rFire  . . .     SeeInvis .     A - +0 long sword
rCold  + . .     Gourm    .     b - +0 leather armour
rNeg   + + +     Faith    .     (no shield)
rPois  ∞         Spirit   .     (no helmet)
rElec  .         Dismiss  .     (no cloak)
rCorr  .         Reflect  .     (no gloves)
SustAt .         Harm     .     (no boots)
MR     .....                    (no amulet)
Stlth  +.........               (no ring)
                                (no ring)

@: very slightly contaminated, rotting, not resistant to hostile enchantments,
very unstealthy
A: rotting body, claws 1, carnivore 3, cold resistance 1, negative energy
resistance 3, slow regeneration 1, torment resistance, unbreathing
a: Receive Corpses, Renounce Religion


You were on level 5 of the Dungeon.
You worshipped Kikubaaqudgha.
Kikubaaqudgha was aware of your devotion.
You were not hungry.

You visited 1 branch of the dungeon, and saw 5 of its levels.

You collected 120 gold pieces.

Inventory:

Hand Weapons
 a - a +0 falchion
 i - a +1 antimagic whip
 A - a +0 long sword (weapon)
Missiles
 e - 5 tomahawks of dispersal (quivered)
 o - 23 poisoned needles
 t - 5 tomahawks
Armour
 b - a +0 leather armour (worn)
 n - a +0 ring mail
 r - a +0 ring mail
 x - a +0 ring mail
Jewellery
 g - an uncursed amulet of faith {unknown}
 v - a cursed amulet of inaccuracy {unknown}
 w - an uncursed ring of see invisible {unknown}
Wands
 z - a wand of iceblast (10/15)
 B - a wand of disintegration (14/24)
Scrolls
 h - a scroll of noise {unknown}
 j - a scroll of remove curse {unknown}
 k - a scroll of recharging {unknown}
 l - a scroll of identify {unknown}
 p - a scroll of teleportation {unknown}
 y - a scroll of enchant armour {unknown}
Potions
 u - a potion of degeneration
Books
 c - a book of Spatial Translocations

   Spells                             Type                      Level
   a - Apportation                    Translocation                1
   b - Blink                          Translocation                2
   c - Shroud of Golubria             Charms/Translocation         2
   d - Portal Projectile              Translocation                3
   e - Teleport Other                 Translocation                3
   f - Passage of Golubria            Translocation                4
 q - Kikubaaqudgha's Reference Book on Black Arts
   (Kikubaaqudgha gifted it to you on level 4 of the Dungeon)

   Spells                             Type                      Level
   a - Animate Skeleton               Necromancy                   1
   b - Pain                           Necromancy                   1
   c - Corpse Rot                     Necromancy                   2
   d - Regeneration                   Charms/Necromancy            3
   e - Control Undead                 Necromancy                   4
 s - a Grand Grimoire

   Spells                             Type                      Level
   a - Monstrous Menagerie            Summoning                    7
   b - Summon Greater Demon           Summoning                    7
   c - Malign Gateway                 Summoning/Translocation      7
   d - Summon Horrible Things         Summoning                    8
Comestibles
 f - 5 meat rations


   Skills:
 + Level 2.5 Fighting
 * Level 3.3 Long Blades
 - Level 0.8 Throwing
 + Level 1.9 Armour
 + Level 2.5 Dodging
 * Level 2.8 Spellcasting
 + Level 0.4 Necromancy
 - Level 3.0 Translocations


You had 6 spell levels left.
You knew the following spells:

 Your Spells              Type           Power        Failure   Level  Hunger
a - Apportation           Tloc           #.........   17%         1    ##.....
b - Blink                 Tloc           N/A          24%         2    ###....


Dungeon Overview and Level Annotations

Branches:
Dungeon (4/15)
 Temple: D:4-7

Altars:
Cheibriados
Elyvilon
Fedhas
Kikubaaqudgha
Nemelex Xobeh
Okawaru
Pakellas
Ru

Shops:
D:2 }


Innate Abilities, Weirdness & Mutations

Your body is rotting away.
You thrive on raw meat.
You are immune to poison.
You have sharp fingernails.
You are carnivorous and can eat meat at any time.
Your flesh is cold resistant.
You are immune to negative energy.
You regenerate slowly when monsters are visible.
You are immune to unholy pain and torment.
You can survive without breathing.


Message History

Blink to where?
Press: ? - help, Dir - move target cursor, p - centaur
As you read the scroll of blinking, it crumbles to dust.
The centaur wields an uncursed shortbow.
The centaur shoots an arrow.
The arrow closely misses you.
Found a chain mail.
A worker ant comes into view.
Eat a chunk of flesh? (ye/n/q/i?) This raw flesh tastes great!
You continue eating.
The worker ant barely misses you.
You continue eating.
The worker ant bites you.
* * * LOW HITPOINT WARNING * * *
The worker ant barely misses you. The worker ant bites you.
* * * LOW HITPOINT WARNING * * *
The centaur shoots an arrow.
The arrow hits you!
You die...
Kikubaaqudgha rasps: "You have failed me!
Welcome... oblivion!"

..# ..# .. ..# ...
##############.##....
....[..c....((c...?..
##(######†##$... #.##
#.... # #a@# #.c.#.#
....(.#.# #...# #
......#.# #...#
......#.. #...#
.#####.....c.....
##..###.#.... .....
.......# ###..
#.#...## #.# ..#


You could see a centaur and a worker ant.

Vanquished Creatures
  A giant frog skeleton (D:3)
  2 worker ants
  3 adders
  3 oozes
  2 worms
  4 dart slugs
  3 giant geckos
  6 orcs
  8 bats
  3 giant cockroaches
  6 goblins
  8 hobgoblins
  A quokka (D:3)
  A ball python skeleton (D:4)
  A giant newt (D:3)
  7 kobolds
  A quokka zombie (D:3)
  7 rats
67 creatures vanquished.

Notes
Turn   | Place    | Note
--------------------------------------------------------------
     0 | D:1      | RepoMan the Ghoul Warper began the quest for the Orb.
     0 | D:1      | Reached XP level 1. HP: 17/17 MP: 2/2
    44 | D:1      | Reached skill level 1 in Armour
    69 | D:1      | Reached XP level 2. HP: 24/24 MP: 3/3
    77 | D:1      | Learned a level 2 spell: Blink
   383 | D:1      | Reached XP level 3. HP: 26/29 MP: 4/4
   837 | D:2      | Found a sparkling altar of Nemelex Xobeh.
  1063 | D:2      | Reached XP level 4. HP: 36/36 MP: 6/6
  1077 | D:2      | Found a sacrificial altar of Ru.
  1079 | D:2      | Found an iron altar of Okawaru.
  1079 | D:2      | Found a snail-covered altar of Cheibriados.
  1079 | D:2      | Found a white marble altar of Elyvilon.
  1295 | D:2      | Found an oddly glowing altar of Pakellas.
  1295 | D:2      | Found Pakellas's Prime Provisions.
  1933 | D:3      | Found a blossoming altar of Fedhas.
  1933 | D:3      | Found an ancient bone altar of Kikubaaqudgha.
  1939 | D:3      | Became a worshipper of Kikubaaqudgha
  2324 | D:3      | Reached XP level 5. HP: 16/42 MP: 4/7
  2770 | D:4      | Reached * piety under Kikubaaqudgha
  2770 | D:4      | Received a gift from Kikubaaqudgha
  2771 | D:4      | Identified Kikubaaqudgha's Reference Book on Black Arts (Kikubaaqudgha gifted it to you on level 4 of the Dungeon)
  2842 | D:4      | You fall through a shaft!
  2842 | D:5      | Entered Level 5 of the Dungeon
  2842 | D:5      | Noticed a centaur
  2842 | D:5      | Noticed a centaur
  2868 | D:5      | Shot with an arrow by a centaur

Skill      XL: |  1  2  3  4 |
---------------+-------------+-----
Long Blades    | 2 3 |  3.3
Armour         | 1 |  1.9
Spellcasting   | 2 |  2.8
Dodging        | 2 |  2.5
Translocations | 3 |  3.0
Fighting       | |  2.5
Throwing       | |  0.8
Necromancy     | |  0.4

Action                   |  1- 3 |  4- 6 || total
-------------------------+-------+-------++-------
Melee: Falchion          |   108 |   108 ||   216
       Long sword        |       |    45 ||    45
 Cast: Apportation       |     2 |     8 ||    10
       Blink             |       |     2 ||     2
Evoke: Wand              |       |     2 ||     2
  Use: Potion            |       |     3 ||     3
       Scroll            |       |     2 ||     2
  Eat: Chunk             |     9 |    23 ||    32
Armor: Leather armour    |    26 |    25 ||    51
Dodge: Dodged            |    64 |    90 ||   154
